 Dungeon Crawl Stone Soup version 0.18.1-50-g88ac8fd (webtiles) character file.

11159 RudyRod the Blocker (level 11, 0/96 HPs)
             Began as a Naga Fighter on Oct 12, 2016.
             Was the Champion of Cheibriados.
             Killed by vampiric draining
             ... invoked by Josephine
              (3 damage)
             ... on level 1 of the Orcish Mines.
             The game lasted 01:23:07 (14853 turns).

RudyRod the Blocker (Naga Fighter)                 Turns: 14853, Time: 01:23:07

Health: 0/96       AC: 13    Str: 35    XL:     11   Next: 73%
Magic:  0/15       EV: 15    Int: 29    God:    Cheibriados [******]
Gold:   786        SH: 20    Dex: 26    Spells: 0 memorised, 10 levels left

rFire  + . .     SeeInvis +     a - +0 long sword
rCold  . . .     Gourm    .     G - +2 leather armour "Beerior" {Regen+ Int+4 SInv}
rNeg   . . .     Faith    .     c - +5 shield
rPois  +         Spirit   +     L - +0 helmet
rElec  .         Dismiss  .     (no cloak)
rCorr  .         Reflect  .     v - +0 pair of gloves
SustAt .         Harm     .     (no barding)
MR     +....                    z - amulet of guardian spirit
Stlth  ++++++....               D - +3 ring of protection
                                m - ring of protection from fire

@: hasted and slowed, very slow, somewhat resistant to hostile enchantments,
very stealthy
A: see invisible, deformed body, poison resistance, slowness 2, slow metabolism
1, spit poison 2, AC +3
a: Spit Poison, Bend Time, Temporal Distortion, Slouch, Step From Time, Renounce
Religion


You were on level 1 of the Orcish Mines.
You worshipped Cheibriados.
Cheibriados was exalted by your worship.
You were hungry.

You visited 3 branches of the dungeon, and saw 13 of its levels.
You also visited: Ossuary.

You collected 786 gold pieces.

Inventory:

Hand Weapons
 a - a +0 long sword (weapon)
 M - the +13 sword of the Doom Knight {pain, -Cast MR+}
   (You found it on level 11 of the Dungeon)

   In the hands of one skilled in necromantic magic, it inflicts extra damage on
   living creatures.
   It affects your resistance to hostile enchantments.
   It prevents spellcasting.
Armour
 c - a +5 shield (worn)
 v - a +0 pair of gloves (worn)
 G - the +2 leather armour "Beerior" (worn) {Regen+ Int+4 SInv}
   (You found it on level 6 of the Dungeon)

   It affects your intelligence (+4).
   It lets you see invisible.
   It increases your rate of regeneration.
 L - a +0 helmet (worn)
Jewellery
 m - a ring of protection from fire (left hand)
 z - an amulet of guardian spirit (around neck)
 D - a +3 ring of protection (right hand)
 U - an uncursed ring of poison resistance {unknown}
Wands
 B - a wand of teleportation (1/9)
 H - a wand of digging (16/24)
 S - a wand of polymorph (12/24)
Scrolls
 d - a scroll of blinking {unknown}
 g - 2 scrolls of remove curse
 o - a scroll of magic mapping
 y - a scroll of enchant armour
 A - a scroll of amnesia
 O - a scroll of recharging
 P - a scroll of fog
Potions
 e - a potion of brilliance
 f - a potion of lignification {unknown}
 j - 2 potions of flight {unknown}
 l - a potion of haste
 p - 2 potions of mutation {unknown}
 q - a potion of berserk rage {unknown}
 t - 2 potions of ambrosia {unknown}
 w - a potion of magic {unknown}
 x - a potion of agility {unknown}
 J - a potion of invisibility {unknown}
 N - a potion of cure mutation {unknown}
Books
 Y - a book of Frost

   Spells                             Type                      Level
   a - Freeze                         Ice                          1
   b - Throw Frost                    Conjuration/Ice              2
   c - Ozocubu's Armour               Charms/Ice                   3
   d - Throw Icicle                   Conjuration/Ice              4
   e - Summon Ice Beast               Ice/Summoning                4
Miscellaneous
 k - a disc of storms
 Q - a plain deck of changes
 R - a stone of tremors
 V - a phial of floods (inert)
Comestibles
 h - 4 meat rations
 n - 14 royal jellies
 C - 3 slices of pizza
 F - 3 fruits
 X - 2 bread rations


   Skills:
 + Level 5.4 Fighting
   Level 3.2(4.9) Short Blades
 + Level 5.8(6.2) Long Blades
 + Level 4.4 Armour
 + Level 5.6 Dodging
 * Level 9.8 Stealth
 * Level 9.8 Shields
 * Level 6.5 Invocations
 + Level 0.4 Evocations


You had 10 spell levels left.
You didn't know any spells.

Dungeon Overview and Level Annotations

Branches:
Dungeon (11/15)            Temple (1/1) D:4            Lair (0/8) D:11
    Orc (1/2) D:9

Altars:
Ashenzari
Cheibriados
Dithmenos
Elyvilon
Fedhas
Gozag
Kikubaaqudgha
Makhleb
Nemelex Xobeh
Okawaru
Pakellas
Qazlal
Ru
Sif Muna
Trog
Vehumet
Xom
Yredelemnul
Zin
The Shining One
Beogh

Annotations:
Orc:1 Josephine


Innate Abilities, Weirdness & Mutations

You cannot wear boots.
Your serpentine skin is tough (AC +3).
You have supernaturally acute eyesight.
Armour fits poorly on your strangely shaped body.
Your system is resistant to poisons.
You cover ground very slowly.
You have a slow metabolism.
You can spit poison.


Message History

Josephine is heavily wounded.
You have got your breath back.
Josephine looks more healthy.
You block Josephine's attack.
Josephine is infused with unholy energy.
* * * LOW HITPOINT WARNING * * *
Josephine draws life force from you and is healed!
You slash Josephine!
Josephine is heavily wounded.
Josephine hits you with a dagger.
* * * LOW HITPOINT WARNING * * *
Unknown command.
You barely miss Josephine.
Josephine is moderately wounded.
Josephine grins evilly.
Josephine completely misses you. You block Josephine's attack.
Drink which item? (? for menu, Esc to quit)
It was a potion of haste.
You feel yourself speed up.
Cheibriados forgives your accidental hurry, just this once.
Josephine is infused with unholy energy.
You die...

##.#..#...#######.....oo..#
##.....##.## #...##.o.##.
#...#..#### ##.# ##.#...
##.##...# ## .#....).
#####.## ......). ###
#.....#)# .##....# ###
#.... #@# #..... #.@.......
o..... ##...#.... ....o
....# .. .... #.... ......
#.#..#. ##......


You could see Josephine.

Vanquished Creatures
  An orc sorcerer (Orc:1)
  Psyche (D:9)
  A gargoyle (D:10)
  4 trolls
  2 two-headed ogres
  4 wraiths (Orc:1)
  6 yaks
  A hippogriff (D:10)
  A wyvern (D:10)
  A steam dragon (D:10)
  Duvessa (D:7)
  An ice beast (D:11)
  11 orc warriors
  3 phantoms (D:11)
  4 sky beasts
  4 black bears
  6 ogres
  4 centaurs
  A crocodile (D:8)
  2 big kobolds
  5 giant frogs
  Dowan (D:7)
  9 killer bees
  4 scorpions
  A wight (D:8)
  A howler monkey (D:5)
  A crimson imp (D:8)
  A giant frog zombie (D:10)
  A quasit (D:10)
  A centaur skeleton (D:4)
  4 jellies
  11 orc priests
  5 giant frog skeletons
  13 hounds
  A gnoll shaman (D:9)
  5 iguanas
  14 orc wizards
  11 worker ants
  A killer bee zombie (D:9)
  7 big kobold zombies (Ossuary)
  A mummy (Ossuary)
  A worker ant zombie (D:5)
  8 gnolls
  2 river rats (D:11)
  19 adders
  4 shadow imps
  7 oozes
  An adder skeleton (D:9)
  2 worms
  4 dart slugs
  4 giant geckos
  62 orcs
  7 spectral bats (Ossuary)
  3 ball pythons
  A bat zombie (D:2)
  6 giant cockroaches
  5 gnoll zombies (Ossuary)
  12 goblins
  14 hobgoblins
  21 jackals
  17 kobolds
  7 quokkas
  20 bats
  2 bat simulacra (Ossuary)
  A giant gecko zombie (D:8)
  5 giant newts
  A goblin simulacrum (Ossuary)
  3 goblin zombies (Ossuary)
  5 hobgoblin zombies (Ossuary)
  2 jackal skeletons
  4 kobold simulacra (Ossuary)
  A kobold zombie (Ossuary)
  7 orc zombies (Ossuary)
  A quokka skeleton (D:5)
  17 rats
  2 rat simulacra (Ossuary)
  3 rat zombies (D:2)
  A spectral goblin (Ossuary)
  2 spectral kobolds (Ossuary)
  3 spectral rats (Ossuary)
444 creatures vanquished.

Vanquished Creatures (collateral kills)
  A tengu conjurer (D:9)
1 creature vanquished.

Vanquished Creatures (others)
  2 killer bees (D:7)
  An orc wizard (D:4)
  A lightning spire (D:9)
  A goblin zombie (Ossuary)
  An orc zombie (Ossuary)
  2 bushes (D:9)
8 creatures vanquished.

Grand Total: 453 creatures vanquished

Notes
Turn   | Place    | Note
--------------------------------------------------------------
     0 | D:1      | RudyRod the Naga Fighter began the quest for the Orb.
     0 | D:1      | Reached XP level 1. HP: 21/21 MP: 1/1
    69 | D:1      | Reached XP level 2. HP: 25/28 MP: 2/2
   483 | D:1      | Reached XP level 3. HP: 34/34 MP: 3/3
  1347 | D:2      | Found an iron altar of Okawaru.
  1461 | D:2      | Reached XP level 4. HP: 39/42 MP: 4/4
  2022 | D:2      | Found an ancient bone altar of Kikubaaqudgha.
  2199 | D:3      | Reached skill level 1 in Dodging
  2208 | D:3      | Found a faded altar to an unknown god.
  2340 | D:3      | Found a stormy altar of Qazlal.
  2509 | D:3      | Reached skill level 1 in Stealth
  2509 | D:3      | Reached XP level 5. HP: 28/49 MP: 5/5
  3392 | D:4      | Reached skill level 1 in Short Blades
  3456 | D:4      | Reached XP level 6. HP: 53/57 MP: 6/6
  3474 | D:4      | Found a glowing silver altar of Zin.
  3575 | D:4      | Found a sand-covered staircase.
  3580 | Ossuary  | Entered an ossuary
  4522 | Ossuary  | Reached XP level 7. HP: 43/63 MP: 7/7
  5062 | D:4      | Found a bloodstained altar of Trog.
  5504 | D:4      | Found a staircase to the Ecumenical Temple.
  5521 | Temple   | Entered the Ecumenical Temple
  5597 | Temple   | Became a worshipper of Cheibriados the Contemplative
  5857 | D:5      | Entered Level 5 of the Dungeon
  5858 | D:5      | Found a white marble altar of Elyvilon.
  6116 | D:5      | Found a basalt altar of Yredelemnul.
  6720 | D:5      | Found a sacrificial altar of Ru.
  6787 | D:5      | Reached skill level 5 in Shields
  6800 | D:5      | Reached * piety under Cheibriados
  6800 | D:5      | Reached skill level 1 in Invocations
  6800 | D:5      | Reached XP level 8. HP: 39/72 MP: 1/8
  7012 | D:5      | Noticed a troll
  7141 | D:5      | Found a glowing golden altar of the Shining One.
  7210 | D:5      | Killed a troll
  7718 | D:6      | Reached skill level 5 in Stealth
  7870 | D:6      | Got an encrusted leather armour
  7875 | D:6      | Identified the +2 leather armour "Beerior" {Regen+ Int+4 SInv} (You found it on level 6 of the Dungeon)
  7927 | D:6      | Found a snail-covered altar of Cheibriados.
  8379 | D:7      | Found a radiant altar of Vehumet.
  8458 | D:7      | Noticed Duvessa
  8458 | D:7      | Noticed Dowan
  8469 | D:7      | Killed Duvessa
  8469 | D:7      | Reached XP level 9. HP: 79/79 MP: 5/10
  8472 | D:7      | Killed Dowan
  8628 | D:7      | Found a deep blue altar of Sif Muna.
  8663 | D:7      | Got an iridescent halberd
  8664 | D:7      | Identified the +7 halberd of the Globe {chop, rF+++ rC- rN+ Dex+3} (You found it on level 7 of the Dungeon)
  8729 | D:7      | Reached ** piety under Cheibriados
  8790 | D:7      | Found a shimmering altar of Xom.
  9641 | D:8      | Reached *** piety under Cheibriados
 10574 | D:8      | Noticed a two-headed ogre
 10588 | D:8      | Killed a two-headed ogre
 10588 | D:8      | Reached XP level 10. HP: 48/87 MP: 4/13
 10852 | D:8      | Reached **** piety under Cheibriados
 11049 | D:9      | Found a shattered altar of Ashenzari.
 11128 | D:9      | Found an oddly glowing altar of Pakellas.
 11129 | D:9      | Noticed a fire dragon
 11441 | D:9      | Found a staircase to the Orcish Mines.
 11501 | D:9      | Noticed Psyche
 11537 | D:9      | Found a sparkling altar of Nemelex Xobeh.
 11690 | D:9      | Killed Psyche
 11759 | D:9      | Reached ***** piety under Cheibriados
 11999 | D:9      | Found a deep blue altar of Sif Muna.
 12195 | D:10     | Entered Level 10 of the Dungeon
 12385 | D:10     | Reached skill level 5 in Long Blades
 12385 | D:10     | Reached skill level 5 in Invocations
 12506 | D:10     | Noticed a gargoyle
 12527 | D:10     | Killed a gargoyle
 12527 | D:10     | Reached skill level 5 in Fighting
 12837 | D:10     | Reached XP level 11. HP: 94/94 MP: 15/15
 13318 | D:11     | Reached ****** piety under Cheibriados
 13511 | D:11     | Found a staircase to the Lair.
 13519 | D:11     | Reached skill level 5 in Dodging
 13783 | D:11     | Noticed a seven-headed hydra
 13975 | Orc:1    | Entered Level 1 of the Orcish Mines
 13975 | Orc:1    | Noticed an orc sorcerer
 13985 | Orc:1    | Paralysed by an orc sorcerer for 6 turns
 13991 | Orc:1    | Killed an orc sorcerer
 14179 | Orc:1    | Found a roughly hewn altar of Beogh.
 14575 | Orc:1    | Noticed an orc knight
 14799 | Orc:1    | Noticed Josephine
 14801 | Orc:1    | Noticed an orc knight
 14850 | Orc:1    | HP: 1/96 [Josephine/vampiric draining (18)]
 14853 | Orc:1    | Killed from afar by Josephine

Skill      XL: |  1  2  3  4  5  6  7  8  9 10 11 |
---------------+----------------------------------+-----
Shields        | 3 4 5 6 7 8 9 |  9.8
Dodging        | 1 2 3 4 5 |  5.6
Armour         | 3 4 |  4.4
Stealth        | 1 2 3 4 5 7 9 |  9.8
Short Blades   | 1 2 3 |  3.2
Fighting       | 4 5 |  5.4
Invocations    | 1 2 4 5 6 |  6.5
Long Blades    | 4 5 |  5.8
Evocations     | |  0.4

Action                   |  1- 3 |  4- 6 |  7- 9 | 10-12 || total
-------------------------+-------+-------+-------+-------++-------
Melee: Long sword        |    61 |       |       |   734 ||   795
       Short sword       |    72 |   647 |   937 |    24 ||  1680
Invok: Bend Time         |       |       |    10 |     6 ||    16
       Slouch            |       |       |       |     2 ||     2
 Abil: Spit Poison       |    23 |    37 |    61 |    32 ||   153
Evoke: Disc of storms    |       |       |       |     1 ||     1
       Phial of floods   |       |       |       |     1 ||     1
       Wand              |       |       |       |     1 ||     1
  Use: Scroll            |     6 |     4 |     9 |    16 ||    35
       Potion            |       |       |     7 |     7 ||    14
 Stab: Sleeping          |       |       |     9 |    16 ||    25
       Distracted        |       |       |     1 |     2 ||     3
  Eat: Chunk             |     2 |     4 |    14 |       ||    20
       Bread ration      |       |     2 |     1 |       ||     3
       Meat ration       |       |       |     2 |     2 ||     4
Armor: Scale mail        |    44 |   213 |    62 |       ||   319
       Leather armour    |       |       |   142 |   231 ||   373
Dodge: Dodged            |    33 |   115 |   227 |   407 ||   782
Block: Shield            |    58 |   401 |   790 |  1078 ||  2327
